 Dungeon Crawl Stone Soup version 0.30-a0-596-g0af90f9a20 (webtiles) character file.

Game seed: 15159130285175208597

18 ragingrage the Sneak (level 2, 0/24 HPs)
             Began as a Formicid Delver on Jan 6, 2023.
             Slain by an iguana (2 damage)
             ... on level 4 of the Dungeon.
             The game lasted 00:02:08 (523 turns).

ragingrage the Sneak (Formicid Delver)               Turns: 523, Time: 00:02:09

Health: 0/24       AC:  4    Str: 16    XL:     2   Next: 85%
Magic:  2/2        EV: 12    Int:  9    God:
Gold:   37         SH:  0    Dex: 18    Spells: 1/1 levels left

rFire   . . .      SeeInvis +    a - +0 falchion
rCold   . . .      Faith    .    (no shield)
rNeg    . . .      Spirit   .    j - +0 leather armour
rPois   .          Reflect  .    (helmet unavailable)
rElec   .          Harm     .    (no cloak)
rCorr   .          Rampage  .    i - +0 pair of gloves {Dex+3}
Will    .....                    (no boots)
Stlth   +++                      (no amulet)
HPRegen 0.24/turn                (no ring)
MPRegen 0.08/turn                (no ring)

@: no status effects
A: permanent stasis, dig shafts and tunnels, antennae 3, four strong arms
a: Dig, Shaft Self


You were on level 4 of the Dungeon.
You visited 1 branch of the dungeon, and saw 4 of its levels.

You collected 37 gold pieces.

Inventory:

Hand Weapons
 a - a +0 falchion (weapon)
 b - a +0 short sword
Missiles
 h - 2 stones (quivered)
Armour
 i - a +0 pair of gloves of dexterity (worn)
 j - a +0 leather armour (worn)
Wands
 g - a wand of digging (3)
Scrolls
 c - 2 scrolls of fog
 d - 2 scrolls of magic mapping
 e - a scroll of fear
Potions
 f - a potion of haste


   Skills:
 - Level 3.4 Fighting
 + Level 2.6 Long Blades
 - Level 2.0 Dodging
 - Level 6.1 Stealth


You had one spell level left.
You didn't know any spells.
Your spell library was empty.

Dungeon Overview and Level Annotations

Branches:
Dungeon (6/15)
 Temple: D:4-7

Altars:

Annotations:
D:3 exclusion: hound
D:4 Dowan, Duvessa, Edmund, Eustachio


Innate Abilities, Weirdness & Mutations

You cannot be hasted, slowed, berserked, paralysed or teleported.
You can dig through walls and to a lower floor.
You have a pair of large antennae on your head. (SInv)
Your four strong arms can wield two-handed weapons with a shield.


Message History

An iguana comes into view.
Found 14 gold pieces.
b - a +0 short sword (weapon)
Found 13 gold pieces.
Found a stone staircase leading down.
The iguana hisses angrily.
You see here 14 gold pieces.
a - a +0 falchion (weapon)
You hit the iguana.
The iguana is lightly wounded.
The iguana closely misses you.
You slash the iguana!
The iguana is heavily wounded.
The iguana bites you!
Ouch! That really hurt!
The iguana bites you.
* * * LOW HITPOINT WARNING * * *
You barely miss the iguana.
The iguana is heavily wounded.
The iguana bites you but does no damage.
You hit the iguana but do no damage.
The iguana is heavily wounded.
The iguana misses you.
Okay, then.
You closely miss the iguana.
The iguana is heavily wounded.
The iguana bites you.
* * * LOW HITPOINT WARNING * * *
You slash the iguana!
The iguana is almost dead.
The iguana closely misses you.
You hit the iguana but do no damage.
The iguana is almost dead.
The iguana completely misses you.
You barely miss the iguana.
The iguana is almost dead.
The iguana barely misses you. The iguana closely misses you.
You hit the iguana but do no damage.
The iguana is almost dead.
The iguana bites you.
You die...

.# .#
#...........# .#
.###........####
.###..?....###).#
......##.#.[....#
.####.......##.##
.# .........# ##
#.#.###.#
#.......#########
#.#.####.@l.....#
#.###....$ ....
>.. #.#.#. .
#.#.#.# . ..# #
## .# ... .... ..
..# e...


You could see an iguana.

Vanquished Creatures
  An adder (D:4)
  An ufetubus (D:5)
  An orc (D:4)
  A goblin (D:4)
4 creatures vanquished.

Notes
Turn   | Place    | Note
-------+----------+-------------------------------------------
     0 | D:5      | ragingrage the Formicid Delver began the quest for the Orb.
     0 | D:5      | Reached XP level 1. HP: 18/18 MP: 1/1
    64 | D:4      | Noticed Duvessa
    64 | D:4      | Noticed Dowan
    79 | D:4      | Reached XP level 2. HP: 12/24 MP: 2/2
   244 | D:4      | Noticed Edmund
   460 | D:4      | Noticed Eustachio
   519 | D:4      | HP: 1/24 [iguana (6)]
   523 | D:4      | Slain by an iguana

Illustrated notes

Levels and vault maps discovered:
D:3:      layout_basic, grunt_temple_overflow_forces_of_nature,
          nicolae_ecumenical_snake_handling, chequers_avenue
D:4:      layout_loops_cross, serial_shops, shop, uniq_eustachio, uniq_edmund,
          uniq_duvessa
D:5:      layout_loops_ring, mainiacjoe_overflow_chevrons
D:6:      layout_cave_pods, lemuel_doored_altar, hangedman_decor_clover_reticule

Skill      XL: |  1 |
---------------+----+-----
Dodging        | 2 |  2.0
Fighting       | |  3.4
Long Blades    | |  2.6
Stealth        | |  6.1

Action                   || total
-------------------------++-------
Melee: Falchion          ||    24
Throw: Stone             ||     2
 Stab: Sleeping          ||     1
Armor: Leather armour    ||     5
Dodge: Dodged            ||    19

Table legend: (Time is in decaauts)
 A = Elapsed time spent in this place.
 B = Non-inter-level travel time spent in this place.
 C = Inter-level travel time spent in this place.
 D = Time resting spent in this place.
 E = Time spent auto-exploring this place.
 F = Levels seen in this place.
 G = Mean time per level.
                   A        B        C        D        E       F      G
               +--------+--------+--------+--------+--------+-----+--------+
         Total |    524 |    495 |     29 |    101 |    183 |   4 |  131.0 |
       Dungeon |    524 |    495 |     29 |    101 |    183 |   4 |  131.0 |
               +--------+--------+--------+--------+--------+-----+--------+

Top non-repeatable levels by time:
     D:4: 377 daAuts
     D:5: 92 daAuts
     D:6: 44 daAuts
     D:3: 9 daAuts
